 Dungeon Crawl Stone Soup version 0.24-a0-446-g87df720 (webtiles) character file.

Game seed: 5342718446796181295

86 AlmondAAA the Insei (level 4, 0/25 HPs)
             Began as a Kobold Wanderer on June 24, 2019.
             Was a Believer of Ru.
             Killed by divine providence
             ... invoked by an orc priest
              (11 damage)
             ... on level 3 of the Dungeon.
             The game lasted 00:07:09 (2412 turns).

AlmondAAA the Insei (Kobold Wanderer)               Turns: 2412, Time: 00:07:09

Health: 0/25       AC:  2    Str:  7    XL:     4   Next: 78%
Magic:  3/7        EV: 13    Int: 17    God:    Ru [**....]
Gold:   136        SH:  5    Dex: 13    Spells: 1/7 levels left

rFire    . . .     SeeInvis .   r - +2 whip (venom)
rCold    . . .     Gourm    .   c - +0 buckler
rNeg     . . .     Faith    .   d - +0 robe
rPois    .         Spirit   .   (no helmet)
rElec    .         Reflect  .   (no cloak)
rCorr    .         Harm     .   (no gloves)
MR       .....                  (no boots)
Stlth    ++........             (no amulet)
HPRegen  0.08/turn              (no ring)
MPRegen  0.10/turn              (no ring)

@: very slightly contaminated
A: small, carnivore, inability to use devices
a: Renounce Religion


You were on level 3 of the Dungeon.
You worshipped Ru.
Ru was pleased with you.
You were not hungry.

You visited 1 branch of the dungeon, and saw 3 of its levels.

You collected 136 gold pieces.

Inventory:

Hand Weapons
 a - a +0 dagger
 r - a +2 whip of venom (weapon)
Missiles
 b - 139 stones
 o - 19 poisoned darts (quivered)
 q - a throwing net
Armour
 c - a +0 buckler (worn)
 d - a +0 robe (worn)
Jewellery
 t - a +3 ring of dexterity
Scrolls
 e - 3 scrolls of remove curse {unknown}
 i - 3 scrolls of identify {unknown}
 m - 2 scrolls of enchant armour {unknown}
 p - a scroll of fear {unknown}
 u - a scroll of blinking {unknown}
Potions
 g - a potion of resistance {unknown}
 h - a potion of invisibility
 j - 2 potions of brilliance {unknown}
 k - 2 potions of heal wounds {unknown}
 l - a potion of degeneration {unknown}
 n - a potion of curing {unknown}
 s - a potion of flight {unknown}
Comestibles
 f - 4 rations


   Skills:
 - Level 1.1 Fighting
 - Level 1.2 Dodging
 - Level 1.3 Stealth
 + Level 1.8 Shields
 - Level 3.0 Unarmed Combat
 + Level 2.2 Spellcasting
 + Level 1.7 Conjurations
 + Level 2.9 Fire Magic


You had one spell level left.
You knew the following spells:

 Your Spells              Type           Power        Failure   Level  Hunger
a - Flame Tongue          Conj/Fire      #....        11%         1    #......
b - Throw Flame           Conj/Fire      #.....       16%         2    ###....
c - Conjure Flame         Conj/Fire      #.......     30%         3    ###....

Your spell library contained the following spells:

 Spells                   Type           Power        Failure   Level  Hunger
 Apportation              Tloc           #.....       26%         1    #......
 Inner Flame              Hex/Fire       #.......     41%         3    ###....
 Portal Projectile        Hex/Tloc       #.....       63%         3    ###....
 Sticky Flame             Conj/Fire      #.......     71%         4    #####..
 Fireball                 Conj/Fire      #.........   96%         5    ######.


Dungeon Overview and Level Annotations

Branches:
Dungeon (3/15)

Altars:
Ru


Innate Abilities, Weirdness & Mutations

You are small and have problems with some larger weapons.
You are carnivorous and can eat meat at any time.
You cannot study or use magical devices.


Message History

Casting: Flame Tongue (safe; 11% risk of failure)
Confirm with . or Enter, or press ? or * to list all spells.
Aiming: Flame Tongue (safe; 11% risk of failure)
Press: ? - help, Shift-Dir - straight line, f - orc wizard
Aim: an orc wizard, wielding a +0 dagger and wearing a +0 robe You miscast Flame Tongue.
Wisps of smoke drift from your hands.
The orc wizard points at you and mumbles some strange words.
The magic dart hits you.
Casting: Flame Tongue (safe; 11% risk of failure)
Confirm with . or Enter, or press ? or * to list all spells.
Aiming: Flame Tongue (safe; 11% risk of failure)
Press: ? - help, Shift-Dir - straight line, f/p - orc wizard
Aim: an orc wizard, wielding a +0 dagger and wearing a +0 robe The flame tongue misses the orc wizard.
The flame tongue hits the orc priest.
The orc priest is moderately wounded.
The orc wizard gestures at you while chanting.
The puff of flame hits you!
The orc priest calls down the wrath of Beogh upon you.
Beogh smites you!
You die...

.# ####.#
###.......
#.........
#.......##
#........# #.
#<.......#
##..#####.........
#....†...@...##..#
##...............#
########.†..##.[#
#oo.......
#..####..# #..# (.
#...# # ##[.# #..#


You could see an orc priest and an orc wizard.

Vanquished Creatures
  4 adders (D:2)
  An ooze (D:2)
  A worm (D:2)
  A dart slug (D:2)
  3 leopard geckos
  A giant cockroach (D:2)
  3 goblins
  4 hobgoblins
  4 jackals (D:2)
  A quokka (D:2)
  5 bats
  3 frilled lizards
  5 kobolds
  5 rats
41 creatures vanquished.

Notes
Turn   | Place    | Note
-------+----------+-------------------------------------------
     0 | D:1      | AlmondAAA the Kobold Wanderer began the quest for the Orb.
     0 | D:1      | AlmondAAA set off with the following items: a +0 dagger, a
                  | +0 buckler, a +0 robe, a ration; and the following spells
                  | available to memorise: Flame Tongue, Apportation, Throw
                  | Flame, Conjure Flame, Inner Flame, Portal Projectile,
                  | Sticky Flame, Fireball
     0 | D:1      | Reached XP level 1. HP: 12/12 MP: 2/2
     2 | D:1      | Learned a level 1 spell: Flame Tongue
   430 | D:1      | Reached XP level 2. HP: 12/16 MP: 0/4
  1304 | D:2      | Reached XP level 3. HP: 13/20 MP: 2/5
  1314 | D:2      | Reached skill level 1 in Conjurations
  1410 | D:2      | Learned a level 2 spell: Throw Flame
  1790 | D:2      | Reached XP level 4. HP: 21/25 MP: 0/7
  1932 | D:2      | Learned a level 3 spell: Conjure Flame
  2301 | D:2      | Found a faded altar of an unknown god.
  2310 | D:2      | Became a worshipper of Ru the Awakened
  2321 | D:2      | Gained mutation: You cannot study or use magical devices.
                  | [Ru sacrifice]
  2321 | D:2      | Reached * piety under Ru
  2321 | D:2      | Reached ** piety under Ru
  2412 | D:3      | Killed from afar by an orc priest

Levels and vault maps discovered:
D:1:      lordsloth_arrival_two_stooges, layout_basic,
          chequers_serial_rivers_marsh
D:2:      layout_rooms, chequers_ecumenical_altar_lobes
D:3:      layout_loops_ring, grunt_dithmenos_smoke_and_mirrors

Skill      XL: |  1  2  3 |
---------------+----------+-----
Conjurations   | 1 |  1.7
Spellcasting   | 2 |  2.2
Fighting       | |  1.1
Dodging        | |  1.2
Stealth        | |  1.3
Shields        | |  1.8
Unarmed Combat | |  3.0
Fire Magic     | |  2.9

Action                   |  1- 3 |  4- 6 || total
-------------------------+-------+-------++-------
Melee: Dagger            |    61 |       ||    61
       Whip              |       |    27 ||    27
Throw: Stone             |     4 |       ||     4
       Dart              |    12 |       ||    12
 Cast: Flame Tongue      |    31 |    12 ||    43
       Throw Flame       |     2 |       ||     2
Invok: Sacrifice Artific |       |     1 ||     1
  Use: Potion            |     1 |       ||     1
 Stab: Invisible         |     1 |       ||     1
  Eat: Chunk             |     4 |     4 ||     8
Armor: Robe              |    14 |     4 ||    18
Dodge: Dodged            |    59 |    17 ||    76
Block: Buckler           |    13 |    12 ||    25

Table legend:
 A = Non-vault XP
 B = Vault XP
 C = Vault XP percentage of total XP
 D = Non-vault monster count
 E = Vault monster count
 F = Vault count percentage of total count
                 A         B        C        D         E       F
            +---------+---------+-------+---------+---------+-------
      Total |     124 |       0 |   0.0 |      41 |       0 |   0.0
            +---------+---------+-------+---------+---------+-------
        D:1 |      16 |       0 |   0.0 |      11 |       0 |   0.0
        D:2 |     105 |       0 |   0.0 |      28 |       0 |   0.0
        D:3 |       3 |       0 |   0.0 |       2 |       0 |   0.0
            +---------+---------+-------+---------+---------+-------
